 Dungeon Crawl Stone Soup version 0.18.1-5-g4a78601 (webtiles) character file.

668470 hannobal the Slayer (level 27, -17/297 HPs)
             Began as a Naga Artificer on May 2, 2016.
             Was the Champion of Pakellas.
             Demolished by an Orb Guardian (19 damage)
             ... on level 5 of the Realm of Zot on May 14, 2016.
             The game lasted 09:48:11 (92416 turns).

hannobal the Slayer (Naga Artificer)               Turns: 92416, Time: 09:48:12

Health: -17/297    AC: 45    Str: 19    XL:     27
Magic:  0/38       EV: 17    Int: 15    God:    Pakellas [******]
Gold:   2863       SH:  0    Dex: 19    Spells: 0 memorised, 26 levels left

rFire  + + +     SeeInvis +     a - +5 battleaxe (freeze)
rCold  + + .     Gourm    .     p - +6 scale mail of the King of the Hill {rF+ rCorr Str+3 Dex-5}
rNeg   + + +     Faith    .     (shield currently unavailable)
rPois  +         Spirit   .     E - +2 hat {MR+}
rElec  +         Dismiss  .     Y - +1 cloak of the Other World {-Cast rN+++ Dex+3}
rCorr  +         Reflect  .     O - +2 pair of gloves {Dex+3}
SustAt .         Harm     .     Q - +4 naga barding {rF+}
MR     +++++     NoCast   +     R - amulet of Vitality {Regen+ HP+15}
Stlth  +.........               o - ring of protection from cold
                                m - ring of protection from magic

@: about to teleport, resistant, sap magic, very slightly contaminated, hasted,
quick, almost entirely resistant to hostile enchantments, very unstealthy
A: camouflage 1, see invisible, clever 1, clumsy 2, deformed body, poison
resistance, shaggy fur 1, slowness 2, slow metabolism 1, spit poison 2,
MP-powered wands, constrict 1, AC +9
a: Spit Poison, Quick Charge, Device Surge, Renounce Religion
0: Orb of Zot
}: 3/15 runes: barnacled, slimy, gossamer


You were on level 5 of the Realm of Zot.
You worshipped Pakellas.
Pakellas was exalted by your worship.
You were hungry.

You visited 11 branches of the dungeon, and saw 55 of its levels.
You also visited: Labyrinth, Volcano and Wizlab.

You collected 6927 gold pieces.
You spent 4064 gold pieces at shops.

Inventory:

Hand Weapons
 a - a +5 battleaxe of freezing (weapon)
 w - a +5 battleaxe of flaming
 J - the +0 Staff of Olgreb {rPois}
   (You found it in a labyrinth)

   It protects you from poison.
Armour
 l - the +0 pair of gloves of the Sturgeon {rCorr, unknown}
   (You found it on level 5 of the Realm of Zot)

   It protects you from acid and corrosion.
 p - the +6 scale mail of the King of the Hill (worn) {rF+ rCorr Str+3 Dex-5}
   (You bought it in a shop on level 2 of the Vaults)

   It affects your strength (+3).
   It affects your dexterity (-5).
   It protects you from fire.
   It protects you from acid and corrosion.
 E - a +2 hat of magic resistance (worn)
 O - a +2 pair of gloves of dexterity (worn)
 Q - a +4 naga barding of fire resistance (worn)
 Y - the +1 cloak of the Other World (worn) {-Cast rN+++ Dex+3}
   (You bought it in a shop on level 2 of the Orcish Mines)

   It affects your dexterity (+3).
   It renders you almost immune to negative energy.
   It prevents spellcasting.
Rods
 b - a +10 rod of inaccuracy (18/18)
   (Pakellas gifted it to you on level 12 of the Dungeon)
Jewellery
 h - an uncursed ring of flight
 m - a ring of protection from magic (left hand)
 n - the ring "Quosy" {rElec rC- Int+2 Slay+4}
   (You found it on level 1 of the Realm of Zot)

   [ring of slaying]

   It affects your intelligence (+2).
   It affects your accuracy and damage with ranged weapons and melee attacks
   (+4).
   It makes you vulnerable to cold.
   It insulates you from electricity.
 o - a ring of protection from cold (right hand)
 R - the amulet of Vitality (around neck) {Regen+ HP+15}
   (You found it in a labyrinth)

   [amulet of regeneration]

   It affects your health (+15).
   It increases your rate of regeneration.
Wands
 c - a wand of iceblast (12/15)
 q - a wand of acid (14/15)
 t - a wand of confusion (19/48)
 x - a wand of acid (9/15)
 y - a wand of digging (24/24)
 C - a wand of paralysis (13/24)
 D - a wand of enslavement (20/24)
 K - a wand of disintegration (19/24)
 V - a wand of iceblast (11/15)
 X - a wand of acid (15/15)
Scrolls
 e - 12 scrolls of magic mapping
 g - a scroll of holy word
 i - 20 scrolls of identify
 r - 23 scrolls of remove curse
 A - 12 scrolls of fog
 F - a scroll of silence
 N - 8 scrolls of recharging
 T - a scroll of teleportation
 W - 3 scrolls of blinking
 Z - a scroll of fear
Potions
 f - a potion of invisibility
 k - 18 potions of curing
 z - 3 potions of cancellation
 B - 2 potions of might
 M - 17 potions of magic
 S - a potion of haste
 U - 2 potions of cure mutation
Miscellaneous
 d - a fan of gales
 j - a disc of storms
 u - a phial of floods
 L - a lamp of fire
Comestibles
 s - 24 meat rations
 I - 10 bread rations


   Skills:
 - Level 23.0 Fighting
   Level 2.1(2.4) Short Blades
   Level 1.5(2.1) Long Blades
 - Level 19.4(20.1) Axes
   Level 10.6(16.1) Maces & Flails
   Level 5.0 Bows
   Level 5.0 Crossbows
 - Level 20.4 Armour
 + Level 16.1 Dodging
 - Level 2.3 Stealth
 - Level 23.0 Evocations


You had 26 spell levels left.
You didn't know any spells.

Dungeon Overview and Level Annotations

Branches:
Dungeon (15/15)            Temple (1/1) D:6            Lair (8/8) D:10
 Shoals (4/4) Lair:3       Spider (4/4) Lair:3        Slime (6/6) Lair:7
    Orc (2/2) D:12            Elf (0/3) Orc:2        Vaults (4/5) D:13
  Crypt (0/3) Vaults:2     Depths (5/5) D:15           Hell (1/1)
    Dis (0/7) Hell            Geh (0/7) Hell            Coc (0/7) Hell
    Tar (0/7) Hell            Zot (5/5) Depths:5

Altars:
Ashenzari
Cheibriados
Dithmenos
Elyvilon
Fedhas
Gozag
Kikubaaqudgha
Makhleb
Nemelex Xobeh
Pakellas
Qazlal
Ru
Sif Muna
Trog
Vehumet
Xom
Yredelemnul
Zin
The Shining One
Beogh
Jiyva

Shops:
D:13 *   Orc:2 [(!   Vaults:2 :}[!   Depths:1 }

Portals:
Hell: Depths:1 Depths:2 Depths:3 Depths:4 Depths:5
Abyss: Depths:3 Depths:4
Pandemonium: Depths:3 Depths:4
Ziggurat: Depths:2

Annotations:
D:11 exclusion: upstairs
Slime:3 Zebura's ghost, adept MfBe
Vaults:4 KOSTI, exclusion: 4 downstairs, zkyp's ghost, veteran DgNe
Depths:2 exclusion: shining eye
Zot:5 Sagrath01's ghost, veteran MfIE


Innate Abilities, Weirdness & Mutations

You cannot wear boots.
Your serpentine skin is tough (AC +9).
You have supernaturally acute eyesight.
Armour fits poorly on your strangely shaped body.
Your system is resistant to poisons.
You cover ground very slowly.
You have a slow metabolism.
You can spit poison.
You can use your snake-like lower body to constrict enemies.
Your skin changes colour to match your surroundings (Stealth).
Your mind is acute. (Int +2)
You are very clumsy. (Dex -4)
You are covered in fur (AC +1).
You expend magic power (3 MP) to strengthen your wands.


Message History

The orb of fire glows bright magenta.
Strange energies course through your body.
The electric golem hurls lightning at you.
The bolt of lightning hits you! You resist.
* * * LOW HITPOINT WARNING * * *
The orb of fire emits a lurid red light.
The bolt of fire hits you! You resist.
* * * LOW HITPOINT WARNING * * *
The orb of fire glows bright magenta.
The bolt of fire hits you! You resist.
* * * LOW HITPOINT WARNING * * *
The electric golem blinks!
Drink which item? (? for menu, Esc to quit)
Okay, then.
The orb of fire glows yellow.
The bolt of fire hits you! You resist.
* * * LOW HITPOINT WARNING * * *
The Orb Guardian hits you!!
You die...
Pakellas says: Good help is so hard to find these days!

▓▓▓▓▓▓▓▓▓▓▓▓▓▓▓
▓▓...(.........▓▓▓▓
...........X@.....▓
.....(.............▓
.?..................
..........L8........
........*..X.......▓
.
..................▓▓
.
.(...............▓▓
.
.....8............▓
.............).....


You could see an orb of fire, 2 electric golems, an ancient lich and 2 Orb
Guardians.

Vanquished Creatures
  An orb of fire (Zot:4)
  An ancient lich (Zot:5)
  2 juggernauts (Depths:4)
  A shard shrike (Slime:5)
  Boris (Vaults:2)
  Saint Roka (Depths:5)
  2 curse toes
  4 Killer Klowns
  9 golden dragons
  Geryon (Hell)
  Nikola (Spider:3)
  2 iron giants (Depths:4)
  2 bone dragons (Zot:4)
  3 electric golems
  22 Orb Guardians (Zot:5)
  5 liches
  18 tentacled monstrosities
  3 titans
  A quicksilver dragon (Depths:4)
  6 death cobs
  4 sphinxes
  29 acid blobs
  Gastronok (Lair:1)
  Frances (Lair:3)
  Ilsuiw (Shoals:4)
  12 shadow dragons
  Roxanne (Spider:1)
  5 tengu reavers
  Maud (D:11)
  4 azure jellies
  13 storm dragons
  3 ghost moths
  5 draconian monks
  2 vault wardens
  14 fire giants
  13 frost giants
  Louise (D:14)
  Aizul (Lair:3)
  10 draconian knights
  8 draconian scorchers
  3 orc warlords
  3 balrugs (Hell)
  7 emperor scorpions
  2 iron dragons (Depths:5)
  2 draconian zealots
  A deep elf elementalist (Depths:4)
  5 reapers
  3 spriggan defenders (Depths:4)
  7 very ugly things
  11 draconian annihilators
  5 draconian shifters
  12 ironheart preservers
  4 draconian callers
  31 stone giants
  A lorocyproca (Hell)
  9 green draconians
  Nessos (Lair:8)
  A deep elf demonologist (Vaults:2)
  14 ettins
  3 vampire knights
  11 yellow draconians
  6 salamander stormcallers
  10 white draconians
  A dire elephant (D:15)
  A deep elf annihilator (Depths:4)
  8 black draconians
  Azrael (D:14)
  11 red draconians
  19 spark wasps
  23 purple draconians
  3 deep elf death magi
  12 death oozes
  7 mottled draconians
  Snorg (Lair:5)
  2 blizzard demons (Depths:5)
  3 crystal guardians
  9 statues (WizLab)
  7 merfolk impalers
  24 fire dragons
  A merfolk javelineer (Shoals:3)
  13 great orbs of eyes
  19 yaktaur captains
  2 jiangshi (Depths:2)
  A minotaur (Lab)
  2 deep elf high priests
  A fire dragon (shapeshifter) (Depths:4)
  12 hydras
  17 ice dragons
  9 entropy weavers
  Erolcha (Orc:1)
  3 spriggan air magi (Depths:4)
  An alligator snapping turtle (Shoals:3)
  12 ogre magi
  7 rakshasas
  The ghost of varam the Grappler, a novice TrTm of Cheibriados (D:10)
  A catoblepas (shapeshifter) (Depths:2)
  8 centaur warriors
  A death knight (D:13)
  The ghost of George the Carver, a novice MiFi of the Shining One (D:9)
  15 deep troll shamans
  6 merfolk avatars
  5 merfolk aquamancers
  5 satyrs
  17 death yaks
  4 tengu warriors
  3 orc high priests
  12 deep troll earth magi
  A titan zombie (Hell)
  3 vampire magi
  15 spriggan berserkers
  2 soul eaters (Depths:5)
  Urug (D:12)
  5 deep elf knights
  2 iron golems (Hell)
  A hell hog (Hell)
  Nergalle (Lair:4)
  28 hell knights
  8 skeletal warriors
  A small abomination (Vaults:4)
  4 iron trolls
  2 shadow wraiths
  10 sun demons
  A death drake (shapeshifter) (Vaults:2)
  A fire crab (Vaults:4)
  3 unseen horrors
  30 deep trolls
  12 sea snakes
  An anaconda zombie (Hell)
  5 flayed ghosts
  9 deep elf archers
  4 lindwurms
  An anubis guard (shapeshifter) (Vaults:4)
  11 hill giants
  5 giant orange brains
  5 ironbrand convokers
  An anaconda skeleton (Hell)
  15 orc knights
  3 phantasmal warriors
  33 harpies
  A mana viper (shapeshifter) (Depths:2)
  12 orb spiders
  9 necromancers
  2 harpies (shapeshifter) (Depths:2)
  A wolf spider (shapeshifter) (Vaults:4)
  27 wolf spiders
  A wolf spider zombie (Hell)
  8 hornets
  12 griffons
  12 oklob plants
  A fire giant zombie (Hell)
  57 ugly things
  A salamander (D:15)
  A manticore (shapeshifter) (Depths:2)
  4 wizards
  5 cyclopes
  10 manticores
  4 shining eyes
  30 fauns
  6 orc sorcerers
  16 black mambas
  21 moths of wrath
  39 elephants
  A toenail golem (Volcano)
  35 deep elf magi
  A guardian serpent (Lair:8)
  A black mamba (shapeshifter) (Depths:4)
  Maurice (D:8)
  2 ice statues (Hell)
  A water nymph (Shoals:1)
  2 centaur zombies
  2 molten gargoyles (Volcano)
  13 vault sentinels
  6 eyes of devastation
  A water nymph (shapeshifter) (Vaults:1)
  7 sirens
  9 torpor snails
  3 smoke demons
  A guardian serpent (shapeshifter) (Depths:4)
  3 rust devils
  7 centaur skeletons
  An orange demon (Hell)
  18 spiny frogs
  2 gargoyles
  5 rime drakes
  A hellion (Hell)
  10 komodo dragons
  5 kobold demonologists
  11 demonic crawlers
  2 hydra zombies (Hell)
  6 freezing wraiths
  38 merfolk
  48 yaktaurs
  A merfolk (shapeshifter) (Vaults:3)
  8 red devils
  A harpy zombie (D:15)
  24 jumping spiders
  4 tengu conjurers
  A queen bee (shapeshifter) (Depths:2)
  9 trolls
  A giant leech (shapeshifter) (Depths:2)
  2 wind drakes (Shoals:2)
  4 boulder beetles
  2 polar bears
  Prince Ribbit (D:7)
  A minotaur zombie (Lab)
  A sphinx simulacrum (Vaults:3)
  17 two-headed ogres
  5 giant leeches (Lair:8)
  A tengu simulacrum (Vaults:2)
  A wind drake (shapeshifter) (Depths:5)
  A hydra skeleton (Hell)
  A raiju (shapeshifter) (D:12)
  116 slime creatures
  9 snapping turtles
  2 alligator zombies (Hell)
  An ice dragon zombie (Hell)
  23 blink frogs
  64 redbacks
  A shadow (D:13)
  31 tarantellas
  2 air elementals (Depths:4)
  A spriggan (shapeshifter) (Depths:4)
  An alligator skeleton (Hell)
  12 wyverns
  71 yaks
  7 spriggans
  24 water elementals
  A hog (shapeshifter) (Vaults:4)
  8 wraiths
  4 basilisks
  5 fire elementals
  2 hungry ghosts
  A golden eye (shapeshifter) (Depths:3)
  3 golden eyes (Slime:5)
  14 hippogriffs
  The ghost of HaroldButt the Insei, an amateur DsGl (D:5)
  A yaktaur simulacrum (Vaults:1)
  13 vampire mosquitoes
  6 wargs
  2 mottled dragons
  A mottled dragon (shapeshifter) (Vaults:1)
  5 hell hounds
  A soldier ant (shapeshifter) (Depths:5)
  2 spiny frog zombies (Hell)
  3 giant eyeballs
  A hell hound (shapeshifter) (Vaults:2)
  22 water moccasins
  14 porcupines
  10 ice beasts
  A black bear (Lair:6)
  52 orc warriors
  4 sky beasts
  16 wasps
  23 wolves
  3 eyes of draining
  A black bear (shapeshifter) (Depths:2)
  A phantom (D:5)
  A necrophage (D:11)
  12 centaurs
  6 boggarts (Depths:1)
  63 ogres
  The ghost of Chiseanne the Magician, an amateur DsWz (D:4)
  22 crocodiles
  4 big kobolds
  A big kobold (shapeshifter) (Vaults:4)
  29 giant frogs
  A wyvern zombie (D:11)
  A wyvern skeleton (D:11)
  A glowing shapeshifter simulacrum (Depths:1)
  5 scorpions
  2 human simulacra
  12 wights
  17 killer bees
  4 howler monkeys
  3 electric eels
  4 crimson imps
  2 giant frog zombies
  10 hounds
  2 iron imps
  22 jellies
  18 orc priests
  15 two-headed ogre zombies (Orc:1)
  3 giant frog skeletons
  9 iguanas
  17 orc wizards
  6 hell rats
  19 worker ants
  18 sheep
  2 hound skeletons
  A worker ant zombie (D:9)
  9 gnolls
  16 adders
  76 river rats
  7 shadow imps
  4 white imps
  An adder skeleton (D:9)
  17 worms (Lair:8)
  7 dart slugs
  6 giant geckos
  155 orcs
  4 bats
  7 giant cockroaches
  10 goblins
  8 hobgoblins
  17 jackals
  7 quokkas
  2 giant newts (D:1)
  A jackal skeleton (D:8)
  25 kobolds
  A quokka zombie (D:6)
  6 rats
  8 bushes
  3 crawling corpses
  11 fungi
  18 plants
2857 creatures vanquished.

Vanquished Creatures (collateral kills)
  A juggernaut (Depths:4)
  A curse toe (Zot:3)
  4 caustic shrikes
  The ghost of Chiseanne the Slayer, an adept OgAE of Gozag (Vaults:1)
  An iron giant (Depths:2)
  A tengu reaver (Vaults:2)
  2 storm dragons
  A reaper (Hell)
  A stone giant (Depths:4)
  The ghost of khekkus the Peltast, a journeyman MiFi of Okawaru (D:13)
  A black draconian (Zot:4)
  2 ettins (Depths:2)
  A yaktaur captain (Vaults:1)
  3 ice dragons
  An entropy weaver (Depths:2)
  Erica (D:8)
  A deep troll shaman (Depths:4)
  A deep troll earth mage (Depths:1)
  2 tengu warriors (D:8)
  An ogre mage (Vaults:2)
  A hell knight (Hell)
  An orc high priest (Orc:2)
  A soul eater (Depths:5)
  A deep troll (Depths:1)
  Pikel (D:8)
  2 orc knights
  2 fauns (Shoals:2)
  8 deep elf magi
  A shining eye (Slime:6)
  A siren (Shoals:2)
  A rust devil (Hell)
  Psyche (D:8)
  A spiny frog (Lair:3)
  A centaur skeleton (D:13)
  A freezing wraith (Vaults:2)
  6 yaktaurs
  A red devil (Hell)
  A raiju (shapeshifter) (Vaults:2)
  2 merfolk (Shoals:3)
  A tengu conjurer (Depths:4)
  4 slime creatures
  A boulder beetle (Vaults:2)
  2 wargs (Orc:2)
  2 orc warriors
  A slave (D:8)
  2 crocodiles (Lair:8)
  A giant frog (D:13)
  A scorpion (D:8)
  2 wights (D:7)
  A howler monkey (D:13)
  A hound (D:8)
  A gnoll shaman (D:8)
  2 orc priests (Orc:2)
  A worker ant (D:13)
  2 gnolls (D:8)
  A river rat (Lair:8)
  4 orcs
92 creatures vanquished.

Vanquished Creatures (others)
  A tengu reaver (Depths:5)
  A draconian scorcher (Zot:2)
  2 fire giants
  A reaper (Hell)
  A blood saint (Zot:5)
  A red draconian (Zot:3)
  A merfolk aquamancer (Shoals:2)
  2 soul eaters (Hell)
  A putrid demonspawn (Zot:5)
  An ironbrand convoker (Vaults:2)
  A moth of wrath (Zot:5)
  A siren (Shoals:4)
  A yaktaur (Vaults:2)
  A hungry ghost (D:8)
  2 wargs (Orc:1)
  A slave (D:8)
  A boggart (Depths:1)
  A wight (D:7)
  An orc (Vaults:4)
  54 bushes
  23 eldritch tentacle segments (Zot:5)
  3 fire vortices
  70 fungi
  84 plants
256 creatures vanquished.

Grand Total: 3205 creatures vanquished

Notes
Turn   | Place    | Note
--------------------------------------------------------------
     0 | D:1      | hannobal the Naga Artificer began the quest for the Orb.
     0 | D:1      | Reached XP level 1. HP: 18/18 MP: 3/3
    81 | D:1      | Reached skill level 1 in Axes
   362 | D:1      | Reached XP level 2. HP: 14/25 MP: 4/4
   930 | D:1      | Reached XP level 3. HP: 31/31 MP: 5/5
  1474 | D:2      | Found a snail-covered altar of Cheibriados.
  1994 | D:2      | Reached XP level 4. HP: 38/38 MP: 6/6
  2008 | D:2      | Found a sparkling altar of Nemelex Xobeh.
  2091 | D:2      | Found a shattered altar of Ashenzari.
  2477 | D:3      | Found an opulent altar of Gozag.
  2850 | D:3      | Reached XP level 5. HP: 45/45 MP: 7/7
  2997 | D:3      | Reached skill level 1 in Armour
  3250 | D:4      | Reached skill level 1 in Long Blades
  3557 | D:4      | Found an ancient bone altar of Kikubaaqudgha.
  3561 | D:4      | Found a radiant altar of Vehumet.
  3566 | D:4      | Found a shadowy altar of Dithmenos.
  3593 | D:4      | Noticed Chiseanne's ghost (amateur DsWz)
  3605 | D:4      | Killed Chiseanne's ghost
  3605 | D:4      | Reached XP level 6. HP: 45/52 MP: 7/9
  3651 | D:4      | Found an oddly glowing altar of Pakellas.
  3655 | D:4      | Became a worshipper of Pakellas the Inventive
  3691 | D:4      | Reached skill level 5 in Evocations
  3800 | D:4      | Found a bloodstained altar of Trog.
  3883 | D:4      | Found a blossoming altar of Fedhas.
  4090 | D:5      | Entered Level 5 of the Dungeon
  4090 | D:5      | Noticed HaroldButt's ghost (amateur DsGl)
  4334 | D:5      | Reached skill level 1 in Maces & Flails
  4745 | D:5      | Reached XP level 7. HP: 60/60 MP: 10/10
  5174 | D:5      | Killed HaroldButt's ghost
  5338 | D:5      | Reached skill level 5 in Maces & Flails
  5447 | D:6      | Reached XP level 8. HP: 64/67 MP: 11/11
  5930 | D:6      | Reached * piety under Pakellas
  5930 | D:6      | Received a gift from Pakellas
  6141 | D:6      | Found a staircase to the Ecumenical Temple.
  6147 | Temple   | Entered the Ecumenical Temple
  6269 | D:7      | Reached skill level 1 in Crossbows
  6765 | D:7      | Noticed Prince Ribbit
  6789 | D:7      | Killed Prince Ribbit
  6789 | D:7      | Reached XP level 9. HP: 73/73 MP: 12/14
  6936 | D:7      | Found a glowing golden altar of the Shining One.
  7424 | D:8      | Upgraded the game from 0.18-b1-18-g7758cf2 to 0.18-b1-22-ge198996
  7436 | D:8      | Noticed Psyche
  7653 | D:8      | Found a blossoming altar of Fedhas.
  7981 | D:8      | Noticed Maurice
  7997 | D:8      | Killed Maurice
  8068 | D:8      | Reached ** piety under Pakellas
  8068 | D:8      | Received a gift from Pakellas
  8183 | D:8      | Noticed a tengu warrior
  8184 | D:8      | Noticed a tengu warrior
  8198 | D:8      | Killed a tengu warrior
  8295 | D:8      | Killed Psyche
  8295 | D:8      | Reached XP level 10. HP: 79/85 MP: 16/16
  8304 | D:8      | Killed a tengu warrior
  8366 | D:8      | Noticed Pikel
  8367 | D:8      | Killed Pikel
  8408 | D:8      | Noticed Erica
  8432 | D:8      | Killed Erica
  8895 | D:9      | Noticed George's ghost (novice MiFi)
  9100 | D:9      | Reached skill level 10 in Maces & Flails
  9202 | D:9      | Reached *** piety under Pakellas
  9202 | D:9      | Received a gift from Pakellas
  9388 | D:9      | Killed George's ghost
  9833 | D:9      | Found a sacrificial altar of Ru.
 10028 | D:9      | Reached skill level 10 in Evocations
 10236 | D:9      | Found a deep blue altar of Sif Muna.
 10284 | D:9      | Found a white marble altar of Elyvilon.
 10417 | D:9      | Reached skill level 5 in Fighting
 10576 | D:10     | Entered Level 10 of the Dungeon
 10588 | D:10     | Reached **** piety under Pakellas
 10588 | D:10     | Received a gift from Pakellas
 10651 | D:10     | Reached XP level 11. HP: 96/96 MP: 18/18
 10751 | D:10     | Noticed a hill giant
 10752 | D:10     | Noticed varam's ghost (novice TrTm)
 10765 | D:10     | Killed a hill giant
 10785 | D:10     | Killed varam's ghost
 10990 | D:10     | Reached skill level 5 in Crossbows
 11120 | D:10     | Found a staircase to the Lair.
 11336 | D:11     | Found a labyrinth entrance.
 11357 | Lab      | Entered a labyrinth
 11520 | Lab      | Noticed a minotaur
 11531 | Lab      | Killed a minotaur
 11713 | D:10     | Found a glowing silver altar of Zin.
 11833 | D:11     | Noticed a cyclops
 11882 | D:11     | Killed a cyclops
 11952 | Lair:1   | Entered Level 1 of the Lair of Beasts
 11952 | Lair:1   | Noticed Gastronok
 11966 | Lair:1   | Killed Gastronok
 11966 | Lair:1   | Reached skill level 5 in Axes
 12443 | D:11     | Upgraded the game from 0.18-b1-22-ge198996 to 0.18.0-1-g0107ab7
 13184 | D:11     | Noticed Maud
 13193 | D:11     | Noticed a brown ugly thing
 13203 | D:11     | Killed Maud
 13203 | D:11     | Reached XP level 12. HP: 103/105 MP: 9/19
 14224 | D:12     | Reached skill level 5 in Armour
 14619 | D:12     | Reached ***** piety under Pakellas
 14619 | D:12     | Received a gift from Pakellas
 14690 | D:12     | Identified a +5 rod of inaccuracy (11/11) (Pakellas gifted it to you on level 12 of the Dungeon)
 14757 | D:12     | Reached skill level 10 in Axes
 14868 | D:12     | Noticed Urug
 14883 | D:12     | Killed Urug
 15180 | D:12     | Found a roughly hewn altar of Beogh.
 15180 | D:12     | Found a staircase to the Orcish Mines.
 15557 | Orc:1    | Entered Level 1 of the Orcish Mines
 15934 | Orc:1    | Gained mutation: You can use your snake-like lower body to constrict enemies. [Naga growth]
 15934 | Orc:1    | Reached XP level 13. HP: 31/111 MP: 7/21
 16077 | Orc:1    | Noticed Erolcha
 16080 | Orc:1    | Killed Erolcha
 16126 | Orc:1    | Identified the Volume of Cloudy Dark Rituals (You found it on level 1 of the Orcish Mines)
 16792 | Orc:2    | Entered Level 2 of the Orcish Mines
 16931 | Orc:1    | Reached ****** piety under Pakellas
 17541 | Lair:1   | Identified a +10 rod of inaccuracy (18/18) (supercharged by Pakellas)
 19794 | Lair:3   | Found a hole to the Spider Nest.
 20060 | Lair:3   | Found a snail-covered altar of Cheibriados.
 20217 | Lair:3   | Found a staircase to the Shoals.
 20260 | Lair:3   | Reached XP level 14. HP: 103/120 MP: 23/23
 21527 | Lair:4   | Noticed Nergalle
 21540 | Lair:4   | Killed Nergalle
 22508 | Lair:5   | Noticed Snorg
 22523 | Lair:5   | Killed Snorg
 22523 | Lair:5   | Reached skill level 15 in Axes
 24102 | Lair:6   | Reached skill level 5 in Dodging
 24123 | Lair:6   | Reached XP level 15. HP: 59/132 MP: 24/24
 25199 | Orc:2    | Found a roughly hewn altar of Beogh.
 25578 | Orc:2    | Noticed an orc warlord
 25630 | Orc:2    | Killed an orc warlord
 25670 | Orc:2    | Upgraded the game from 0.18.0-1-g0107ab7 to 0.18.0-2-g198d6d4
 25790 | Orc:2    | Found a roughly hewn altar of Beogh.
 25790 | Orc:2    | Found Elyten's Antique Weapon Emporium.
 25795 | Orc:2    | Found Qytass's Antique Armour Shoppe.
 25802 | Orc:2    | Bought a transparent cloak for 361 gold pieces
 25812 | Orc:2    | Identified the +1 cloak of the Other World {-Cast rN+++ Dex+3} (You bought it in a shop on level 2 of the Orcish Mines)
 25818 | Orc:2    | Bought a runed great mace for 234 gold pieces
 25818 | Orc:2    | Bought a runed morningstar for 144 gold pieces
 25975 | Orc:2    | Found a roughly hewn altar of Beogh.
 26484 | Orc:2    | Found a roughly hewn altar of Beogh.
 26526 | Orc:2    | Reached skill level 10 in Fighting
 26672 | Orc:2    | Found a staircase to the Elven Halls.
 26682 | Orc:2    | Found a roughly hewn altar of Beogh.
 26704 | Orc:2    | Found a roughly hewn altar of Beogh.
 26716 | Orc:2    | Found Goenuagod's Distillery.
 26746 | Orc:2    | Bought a potion of resistance for 130 gold pieces
 26938 | Orc:2    | Found Cuaseon's Magic Scroll Shoppe.
 27021 | Orc:2    | Found a roughly hewn altar of Beogh.
 27065 | Orc:2    | Noticed an orc warlord
 27075 | Orc:2    | Killed an orc warlord
 27254 | Orc:2    | Bought a scroll of magic mapping for 45 gold pieces
 27254 | Orc:2    | Bought a scroll of magic mapping for 45 gold pieces
 27254 | Orc:2    | Bought a scroll of teleportation for 39 gold pieces
 27254 | Orc:2    | Bought a scroll of fear for 45 gold pieces
 27254 | Orc:2    | Bought a scroll of teleportation for 39 gold pieces
 27254 | Orc:2    | Bought a scroll of blinking for 97 gold pieces
 27254 | Orc:2    | Bought a scroll of blinking for 97 gold pieces
 27254 | Orc:2    | Bought a scroll of fog for 26 gold pieces
 27315 | Orc:2    | Bought a potion of haste for 130 gold pieces
 27315 | Orc:2    | Bought a potion of curing for 39 gold pieces
 27315 | Orc:2    | Bought a potion of might for 52 gold pieces
 27315 | Orc:2    | Bought a potion of heal wounds for 65 gold pieces
 27315 | Orc:2    | Bought a potion of haste for 130 gold pieces
 27856 | Lair:7   | Found a runed door.
 27857 | Lair:7   | Found a viscous altar of Jiyva.
 27858 | Lair:7   | Noticed an azure jelly
 27876 | Lair:7   | Found a dark tunnel.
 27881 | Volcano  | Entered a volcano
 28010 | Volcano  | Reached XP level 16. HP: 68/146 MP: 24/26
 28790 | Lair:7   | Found a staircase to the Slime Pits.
 29224 | Lair:8   | Entered Level 8 of the Lair of Beasts
 29445 | Lair:8   | Noticed Nessos
 30179 | Lair:8   | Reached XP level 17. HP: 153/153 MP: 27/27
 30367 | Lair:8   | Killed Nessos
 31214 | Lair:8   | Identified the Handbook of Hexes and Earth
 31704 | Lair:8   | Upgraded the game from 0.18.0-2-g198d6d4 to 0.18.1-1-g2f07953
 32307 | Lair:8   | Found a runed door.
 33901 | D:13     | Noticed khekkus's ghost (journeyman MiFi)
 34076 | D:13     | Killed khekkus's ghost
 34745 | D:13     | Found Joij's General Store.
 34751 | D:13     | Bought a scroll of teleportation for 39 gold pieces
 34751 | D:13     | Bought a scroll of enchant armour for 97 gold pieces
 34751 | D:13     | Bought a scroll of fear for 45 gold pieces
 34754 | D:13     | Found a stormy altar of Qazlal.
 34880 | D:13     | Found a gate to the Vaults.
 34945 | D:14     | Noticed Louise
 34952 | D:14     | Killed Louise
 35210 | D:14     | Noticed Azrael
 35222 | D:14     | Killed Azrael
 35713 | D:15     | Entered Level 15 of the Dungeon
 35759 | D:15     | Reached XP level 18. HP: 155/160 MP: 21/28
 36363 | D:15     | Found a staircase to the Depths.
 37171 | Spider:1 | Entered Level 1 of the Spider Nest
 37171 | Spider:1 | Noticed Roxanne
 37177 | Spider:1 | Killed Roxanne
 37797 | Spider:1 | Noticed Aizul
 37928 | Lair:3   | Killed Aizul
 38392 | Spider:1 | Noticed Frances
 38407 | Lair:3   | Killed Frances
 39201 | Spider:1 | Gained mutation: Your muscles are strong. (Str +2) [potion of beneficial mutation]
 39202 | Spider:1 | Gained mutation: You are covered in fur (AC +1). [potion of beneficial mutation]
 40417 | Spider:3 | Noticed Nikola
 40460 | Spider:3 | Killed Nikola
 41835 | Spider:4 | Entered Level 4 of the Spider Nest
 42363 | Spider:4 | Gained mutation: Your skin changes colour to match your surroundings (Stealth). [potion of beneficial mutation]
 42448 | Spider:4 | Got a blackened longbow
 42449 | Spider:4 | Identified the +8 longbow "Eguloul" {velocity, rElec MR- Str+3 Int+8} (You found it on level 4 of the Spider Nest)
 43660 | D:13     | Reached skill level 1 in Bows
 43668 | D:13     | Reached XP level 19. HP: 178/178 MP: 23/29
 44230 | Shoals:1 | Entered Level 1 of the Shoals
 44523 | Shoals:1 | Gained mutation: You have a pair of small horns on your head. [potion of beneficial mutation]
 45764 | Shoals:2 | Reached skill level 5 in Bows
 47815 | Shoals:4 | Entered Level 4 of the Shoals
 48918 | Spider:4 | Identified a scroll of acquirement
 50122 | Spider:4 | Reached XP level 20. HP: 193/193 MP: 21/30
 50133 | Spider:4 | Reached skill level 15 in Fighting
 50324 | Spider:4 | Got a gossamer rune of Zot
 51276 | Shoals:4 | Noticed Ilsuiw
 51303 | Shoals:4 | Killed Ilsuiw
 51326 | Shoals:4 | Reached skill level 15 in Evocations
 51851 | Shoals:3 | Got a warped great sword {holy}
 51852 | Shoals:3 | Identified the +0 great sword of Nemelex Xobeh's Anger {holy, Stlth+} (You took it off a merfolk on level 3 of the Shoals)
 51923 | Shoals:4 | Reached skill level 10 in Armour
 52560 | Shoals:4 | Got a barnacled rune of Zot
 53027 | Vaults:1 | Entered Level 1 of the Vaults
 53523 | Vaults:1 | Reached skill level 10 in Dodging
 53847 | Vaults:1 | Noticed Chiseanne's ghost (adept OgAE)
 53890 | Vaults:1 | Killed Chiseanne's ghost
 55289 | Vaults:2 | Found Feomes's Book Boutique.
 55519 | Vaults:2 | Noticed Boris
 55531 | Vaults:2 | Killed Boris
 55531 | Vaults:2 | Reached XP level 21. HP: 201/201 MP: 32/32
 55964 | Vaults:2 | Found Keapsaz's Gadget Shoppe.
 56409 | Vaults:2 | Found Ufuheff's Armour Emporium.
 56409 | Vaults:2 | Found Kag Kisch's Distillery.
 56459 | Vaults:2 | Bought a potion of curing for 57 gold pieces
 56459 | Vaults:2 | Bought a potion of curing for 57 gold pieces
 56459 | Vaults:2 | Bought a potion of curing for 57 gold pieces
 56459 | Vaults:2 | Bought a potion of cure mutation for 475 gold pieces
 56459 | Vaults:2 | Bought a potion of heal wounds for 95 gold pieces
 56463 | Vaults:2 | Bought the +6 scale mail of the King of the Hill {rF+ rCorr Str+3 Dex-5} for 741 gold pieces
 57025 | Vaults:2 | Found a staircase to the Crypt.
 57025 | Vaults:2 | Found an ancient bone altar of Kikubaaqudgha.
 57026 | Vaults:2 | Found a basalt altar of Yredelemnul.
 57866 | Vaults:3 | Found a magical portal.
 57879 | WizLab   | Entered Iskenderun's Mystic Tower
 58704 | WizLab   | Upgraded the game from 0.18.1-1-g2f07953 to 0.18.1-2-ga659475
 59280 | WizLab   | Identified Iskenderun's Papyrus of Confrontation
 59280 | WizLab   | Identified Iskenderun's Grimoire of the Forsaken Souls
 60232 | Vaults:3 | Reached XP level 22. HP: 178/217 MP: 34/34
 62313 | Vaults:4 | Noticed zkyp's ghost (veteran DgNe)
 62970 | Vaults:4 | Gained mutation: Your magical capacity is low (-10% MP). [a neqoxec]
 64160 | Depths:1 | Entered Level 1 of the Depths
 64161 | Depths:1 | Upgraded the game from 0.18.1-2-ga659475 to 0.18.1-5-g4a78601
 64748 | Depths:1 | Found Funuu's Gadget Emporium.
 64791 | Depths:1 | Found a gateway to Hell.
 64792 | Depths:1 | Bought a fan of gales for 560 gold pieces
 64799 | Depths:1 | Found a shattered altar of Ashenzari.
 65796 | Depths:1 | Reached XP level 23. HP: 228/228 MP: 24/32
 66479 | Depths:2 | Got a slimy spear
 66480 | Depths:2 | Identified the +10 spear "Deofyr" {pierce, rF+ Stlth+} (You found it on level 2 of the Depths)
 66818 | Depths:2 | Found a gateway to a ziggurat.
 66830 | Depths:2 | Paralysed by a giant eyeball for 2 turns
 66922 | Depths:2 | Noticed a caustic shrike
 66922 | Depths:2 | Noticed a caustic shrike
 66922 | Depths:2 | Noticed a caustic shrike
 66922 | Depths:2 | Noticed a caustic shrike
 67043 | Depths:1 | Killed a caustic shrike
 67237 | Depths:1 | Killed a caustic shrike
 67356 | Depths:1 | Killed a caustic shrike
 67470 | Depths:2 | Killed a caustic shrike
 68674 | Depths:2 | Noticed a golden dragon
 68702 | Depths:2 | Killed a golden dragon
 68855 | Depths:2 | Got a brightly glowing spear {venom}
 68856 | Depths:2 | Identified the +11 spear "Kifot" {venom, +Rage Str+3 Int+6} (You took it off a necromancer on level 2 of the Depths)
 68930 | Depths:2 | Reached XP level 24. HP: 242/242 MP: 16/32
 69517 | Depths:2 | Paralysed by a giant eyeball for 3 turns
 69848 | Depths:3 | Found a burning altar of Makhleb.
 70582 | Depths:3 | Found a one-way gate to the infinite horrors of the Abyss.
 70595 | Depths:3 | Found a one-way gate leading to the halls of Pandemonium.
 71622 | Depths:4 | Found a snail-covered altar of Cheibriados.
 71623 | Depths:4 | Found a deep blue altar of Sif Muna.
 71623 | Depths:4 | Found a shimmering altar of Xom.
 71892 | Depths:4 | Reached XP level 25. HP: 252/252 MP: 26/33
 71936 | Depths:4 | Noticed a juggernaut
 72250 | Depths:4 | Killed a juggernaut
 72459 | Depths:4 | Noticed a juggernaut
 72486 | Depths:4 | Killed a juggernaut
 72716 | Depths:4 | Reached skill level 15 in Armour
 73364 | Depths:4 | Noticed a juggernaut
 73379 | Depths:4 | Killed a juggernaut
 73818 | Depths:4 | Got a faintly glowing robe
 73819 | Depths:4 | Identified the +1 robe of Felegun {Int+3} (You took it off a spriggan air mage on level 4 of the Depths)
 74087 | Depths:4 | Got a polished plate armour
 74088 | Depths:4 | Identified the +3 plate armour of Beyond {rPois Int+2} (You found it on level 4 of the Depths)
 74091 | Depths:4 | Identified the Reference Book on Venomous Enhancements
 74295 | Depths:5 | Entered Level 5 of the Depths
 75004 | Depths:5 | Noticed Saint Roka
 75017 | Depths:5 | Killed Saint Roka
 75162 | Depths:5 | Reached XP level 26. HP: 261/261 MP: 15/33
 75773 | Depths:5 | Found a gate to the Realm of Zot.
 75836 | Hell     | Entered the Vestibule of Hell
 75836 | Hell     | Noticed Geryon
 75999 | Hell     | Killed Geryon
 77299 | Hell     | Found a gateway to the Iron City of Dis.
 77461 | Hell     | Found a gateway to the freezing wastes of Cocytus.
 77745 | Hell     | Found a gateway to the decaying netherworld of Tartarus.
 77821 | Hell     | Found a gateway to the ashen valley of Gehenna.
 79095 | Orc:2    | Bought a scroll of immolation for 45 gold pieces
 79095 | Orc:2    | Bought a scroll of identify for 26 gold pieces
 79095 | Orc:2    | Bought a scroll of identify for 26 gold pieces
 79095 | Orc:2    | Bought a scroll of identify for 26 gold pieces
 79775 | Slime:1  | Entered Level 1 of the Pits of Slime
 80234 | Slime:3  | Noticed Zebura's ghost (adept MfBe)
 80568 | Slime:5  | Lost mutation: Your muscles are strong. (Str +2) [a shining eye]
 80682 | Slime:6  | Entered Level 6 of the Pits of Slime
 80729 | Slime:6  | Reached XP level 27. HP: 238/273 MP: 22/33
 80985 | Slime:6  | Gained mutation: You are clumsy. (Dex -2) [a shining eye]
 80988 | Slime:6  | Noticed the Royal Jelly
 81006 | Slime:6  | Noticed a shard shrike shaped Royal Jelly
 81006 | Slime:6  | the Royal Jelly changed into a shard shrike shaped Royal Jelly
 81025 | Slime:5  | Killed a shard shrike shaped Royal Jelly
 81025 | Slime:5  | Reached skill level 15 in Dodging
 81663 | Slime:6  | Got a twisted morningstar
 81664 | Slime:6  | Identified the +7 morningstar "Kostaselo" {crush, SInv} (You found it on level 6 of the Pits of Slime)
 81680 | Slime:6  | Got a translucent short sword
 81681 | Slime:6  | Identified the +4 short sword of Ancient Evil {antimagic, +Blink} (You found it on level 6 of the Pits of Slime)
 81739 | Slime:6  | Got a pitted chain mail
 81740 | Slime:6  | Identified the cursed +1 chain mail "Anneg" {+Fly rPois Int-5} (You found it on level 6 of the Pits of Slime)
 81751 | Slime:6  | Identified the Reference Book on Ensnaring Conjuration
 81993 | Slime:6  | Got a slimy rune of Zot
 82010 | Slime:6  | Got a crude copper ring
 82012 | Slime:6  | Identified the ring "Zackus" {rPois rN+ Dex+6 Stlth+} (You found it on level 6 of the Pits of Slime)
 82024 | Slime:6  | Got an ancient spear
 82025 | Slime:6  | Identified the +9 spear of Vom Lidoa {pierce, *Drain +Fly rPois Int-5} (You found it on level 6 of the Pits of Slime)
 82040 | Slime:6  | Got a distressingly furry shield
 82047 | Slime:6  | Identified the +0 shield of the Yeti {Int+2 Dex+2} (You found it on level 6 of the Pits of Slime)
 82059 | Slime:6  | Got a warped rapier
 82060 | Slime:6  | Identified the +5 rapier of Flawed Execution {pierce, MR- Int+4 Dex+6} (You found it on level 6 of the Pits of Slime)
 82992 | Zot:1    | Entered Level 1 of the Realm of Zot
 84448 | Zot:1    | Got an ancient glass ring
 84450 | Zot:1    | Identified the ring "Quosy" {rElec rC- Int+2 Slay+4} (You found it on level 1 of the Realm of Zot)
 87188 | Zot:3    | Got a crystal glaive {flame}
 87189 | Zot:3    | Identified the +5 glaive of Resourcefulness {flame, rF+ rC+ Int+2} (You took it off a mottled draconian on level 3 of the Realm of Zot)
 89169 | Zot:4    | Noticed an orb of fire
 89900 | Zot:4    | Gained mutation: Your mind is acute. (Int +2) [an orb of fire]
 90001 | Zot:4    | Gained mutation: Your magical capacity is very low (-20% MP). [an orb of fire]
 90005 | Zot:4    | Gained mutation: You are very clumsy. (Dex -4) [an orb of fire]
 90006 | Zot:4    | Gained mutation: You expend magic power (3 MP) to strengthen your wands. [an orb of fire]
 90014 | Zot:4    | Killed an orb of fire
 90148 | Zot:5    | Entered Level 5 of the Realm of Zot
 90198 | Zot:5    | Noticed Sagrath01's ghost (veteran MfIE)
 91445 | Zot:5    | Noticed an ancient lich
 91456 | Zot:5    | Killed an ancient lich
 91500 | Zot:5    | Noticed an ancient lich
 91559 | Zot:5    | Lost mutation: Your magical capacity is very low (-20% MP). [potion of cure mutation]
 91559 | Zot:5    | Lost mutation: You expend magic power (3 MP) to strengthen your wands. [potion of cure mutation]
 91559 | Zot:5    | Lost mutation: You have a pair of small horns on your head. [potion of cure mutation]
 91559 | Zot:5    | Lost mutation: Your magical capacity is low (-10% MP). [potion of cure mutation]
 92365 | Zot:5    | Got the Orb of Zot
 92379 | Zot:5    | Got a pair of heavily runed gloves
 92402 | Zot:5    | HP: 7/297 [putrid warmonger/bolt (9)]
 92407 | Zot:5    | Noticed an orb of fire
 92407 | Zot:5    | Noticed an ancient lich
 92410 | Zot:5    | Gained mutation: You expend magic power (3 MP) to strengthen your wands. [an orb of fire]
 92415 | Zot:5    | HP: 12/297 [orb of fire/bolt of fire (7)]
 92416 | Zot:5    | HP: 2/297 [orb of fire/bolt of fire (11)]
 92416 | Zot:5    | Demolished by an Orb Guardian

Skill      XL: |  1  2  3  4  5  6  7  8  9 10 11 12 13 14 15 16 17 18 19 20 21 22 23 24 25 26 27 |
---------------+----------------------------------------------------------------------------------+-----
Axes           | 1 2 8 10 13 15 19 | 19.4
Short Blades   | 2 |  2.1
Dodging        | 2 3 5 7 9 10 11 12 13 14 16 | 16.1
Fighting       | 2 4 5 6 8 10 13 14 15 17 18 19 20 21 23 | 23.0
Stealth        | 2 |  2.3
Armour         | 1 3 5 6 7 8 9 11 12 14 16 17 20 | 20.4
Long Blades    | 1 |  1.5
Evocations     | 4 5 7 8 10 11 12 14 15 16 18 19 20 23 | 23.0
Maces & Flails | 2 5 7 8 10 | 10.6
Crossbows      | 2 5 |  5.0
Bows           | 1 5 |  5.0

Action                   |  1- 3 |  4- 6 |  7- 9 | 10-12 | 13-15 | 16-18 | 19-21 | 22-24 | 25-27 || total
-------------------------+-------+-------+-------+-------+-------+-------+-------+-------+-------++-------
Melee: Hand axe          |    27 |       |       |       |       |       |       |       |       ||    27
       Short sword       |    45 |    79 |       |       |       |       |       |       |       ||   124
       Falchion          |       |    55 |       |       |       |       |       |       |       ||    55
       Flail             |       |    47 |   231 |   533 |    10 |       |       |       |       ||   821
       War axe           |       |       |       |   315 |   512 |       |       |       |       ||   827
       Dire flail        |       |       |       |       |   611 |       |       |       |       ||   611
       Constrict         |       |       |       |       |   221 |   242 |   228 |   180 |   228 ||  1099
       Battleaxe         |       |       |       |       |    10 |  1379 |  1252 |  1200 |  2280 ||  6121
       Broad axe         |       |       |       |       |       |     9 |       |       |       ||     9
       Headbutt          |       |       |       |       |       |       |   445 |   442 |   820 ||  1707
 Fire: Arbalest          |       |       |    37 |    98 |   228 |   198 |       |       |       ||   561
       Longbow           |       |       |       |       |       |       |   352 |    15 |    10 ||   377
Throw: Stone             |     9 |     7 |       |     5 |       |       |       |       |       ||    21
       Tomahawk          |     9 |    20 |    25 |    51 |       |       |       |       |       ||   105
       Javelin           |       |       |       |     9 |    25 |    24 |     2 |       |       ||    60
Invok: Quick Charge      |       |       |     1 |     4 |    10 |     8 |    22 |    28 |    52 ||   125
       Supercharge       |       |       |       |       |     1 |       |       |       |       ||     1
       Device Surge      |       |       |       |       |       |       |       |       |     1 ||     1
 Abil: Spit Poison       |    33 |    52 |    37 |    79 |    16 |     1 |       |     2 |       ||   220
       Evoke Flight      |       |       |       |       |       |       |     2 |       |       ||     2
Evoke: Wand              |     1 |     7 |    44 |    76 |    66 |    27 |   109 |   142 |   288 ||   760
       Box of beasts     |       |       |     2 |     5 |     3 |     6 |     3 |       |       ||    19
       Staff of Olgreb   |       |       |       |     1 |       |     2 |     6 |       |     2 ||    11
       Rod               |       |       |       |    10 |    66 |    63 |    66 |   163 |   316 ||   684
       Sack of spiders   |       |       |       |       |     1 |       |     2 |    11 |    11 ||    25
       Lamp of fire      |       |       |       |       |       |       |     1 |     9 |    12 ||    22
       Phial of floods   |       |       |       |       |       |       |     1 |     1 |     5 ||     7
       Deck              |       |       |       |       |       |       |     1 |     1 |       ||     2
       Phantom mirror    |       |       |       |       |       |       |       |     1 |       ||     1
       Fan of gales      |       |       |       |       |       |       |       |     2 |     8 ||    10
       Disc of storms    |       |       |       |       |       |       |       |       |     1 ||     1
  Use: Scroll            |     3 |     6 |     6 |     7 |     7 |    18 |     9 |    17 |    31 ||   104
       Potion            |     4 |     3 |     2 |     2 |     5 |    14 |    14 |    13 |    41 ||    98
 Stab: Sleeping          |       |     2 |       |     1 |     1 |     1 |     5 |     4 |     8 ||    22
       Confused          |       |       |     5 |    13 |     4 |       |     1 |     2 |       ||    25
       Paralysed         |       |       |       |    20 |    19 |    11 |     8 |       |       ||    58
       Held in net/web   |       |       |       |       |     4 |     3 |       |     1 |     3 ||    11
       Distracted        |       |       |       |       |       |     3 |     4 |     4 |     7 ||    18
       Invisible         |       |       |       |       |       |    19 |    12 |       |       ||    31
  Eat: Chunk             |     3 |     9 |    16 |    18 |    27 |    23 |    20 |    26 |    19 ||   161
       Beef jerky        |     1 |       |       |     1 |     3 |     3 |       |     1 |     4 ||    13
       Pizza             |       |     1 |     2 |     1 |       |       |       |     1 |     1 ||     6
       Bread ration      |       |       |     2 |     2 |       |     3 |     6 |     1 |     8 ||    22
       Royal jelly       |       |       |     1 |       |       |       |       |       |     2 ||     3
       Fruit             |       |       |       |     3 |     3 |    12 |       |     4 |     9 ||    31
Armor: Ring mail         |    47 |    51 |       |       |   155 |   339 |       |       |       ||   592
       Scale mail        |       |    85 |   175 |   507 |   420 |       |   134 |   788 |  1637 ||  3746
       Fire dragon armou |       |       |       |       |       |   638 |   812 |       |       ||  1450
Dodge: Dodged            |    29 |   101 |   116 |   333 |   495 |   955 |   872 |   702 |  1591 ||  5194
